 Dungeon Crawl Stone Soup version 0.31.0-9-g3a7656b989 (webtiles) character file.

Game seed: 13939748985484360400

35 qw the Shooter (level 3, -3/20 HPs)
             Began as a Deep Elf Hunter on Feb 2, 2024.
             Killed from afar by an orc wizard (7 damage)
             ... with a magic dart
             ... on level 2 of the Dungeon.
             The game lasted 00:00:03 (1096 turns).

qw the Shooter (Deep Elf Hunter)                    Turns: 1096, Time: 00:00:04

Health: -3/20      AC:  3    Str: 10    XL:     3   Next: 16%
Magic:  5/5        EV: 12    Int: 13    God:
Gold:   97         SH:  0    Dex: 18    Spells: 2/2 levels left

rFire   . . .        a - +0 shortbow
rCold   . . .        (shield currently unavailable)
rNeg    . . .        c - +0 leather armour
rPois   .            (no helmet)
rElec   .            (no cloak)
rCorr   .            (no gloves)
SInv    .            (no boots)
Will    .....        (no amulet)
Stlth   ++           (no ring)
HPRegen 0.23/turn    (no ring)
MPRegen 0.09/turn

%: no passive effects
@: no status effects
A: no striking features
a: no special abilities


You were on level 2 of the Dungeon.
You visited 1 branch of the dungeon, and saw 2 of its levels.

You collected 97 gold pieces.


   Skills:
 - Level 1.5 Fighting
 + Level 6.7 Ranged Weapons
 - Level 2.4 Dodging
 - Level 1.2 Stealth


You had 2 spell levels left.
You didn't know any spells.
Your spell library was empty.

Inventory:

Hand Weapons
 a - a +0 shortbow (weapon)
Armour
 c - a +0 leather armour (worn)
Jewellery
 b - a ring of fire
Scrolls
 e - a scroll of fog {unknown}
Potions
 h - a potion of berserk rage {unknown}

Dungeon Overview and Level Annotations

Branches:
Dungeon (2/15)

Altars:


Message History

You shoot an arrow.
The arrow hits the orc but does no damage.
The orc closely misses you. The orc hits you with a +0 hand axe.
You shoot an arrow. The arrow hits the orc.
The orc is lightly wounded.
The orc hits you with a +0 hand axe. The orc hits you but does no damage.
You shoot an arrow. The arrow hits the orc.
The orc is severely wounded.
The orc misses you. The orc closely misses you.
You shoot an arrow. The arrow hits the orc!
You kill the orc!
The orc barely misses you.
You shoot an arrow. The arrow hits the orc!
You kill the orc!
The rat bites you but does no damage.
The orc wizard gestures wildly while chanting.
The orc wizard flickers and vanishes!
Deactivating autopickup; reactivate with Ctrl-A.
You shoot an arrow. The arrow barely misses the rat.
The rat closely misses you.
You shoot an arrow.
The arrow hits the rat but does no damage.
1088 ||| FLEEEEING.
You shoot an arrow.
1090 ||| FLEEEEING.
You hear some strange, mumbled words.
Something tries to affect you, but you resist.
1091 ||| FLEEEEING.
1092 ||| FLEEEEING.
1093 ||| FLEEEEING.
1094 ||| FLEEEEING.
A puff of flame appears from out of thin air!
The puff of flame misses you.
1095 ||| FLEEEEING.
A magic dart appears from out of thin air!
The magic dart hits you.
1096 ||| FLEEEEING.
A magic dart appears from out of thin air!
The magic dart hits you!
You die...

#.###### #.#....# ###
#.#....##### #.#
##.#........# #.# ..
+...........# #.#
...##..........# #.#
...##..........####.#####
.......................>###
..........@....####........
#####..............####.###
###..............####.### .
#.....##.........+.......
..
#...r.##.........##......
...
#...{.##..........#......
J.r.
#.o...##........)^.......
.....
#.....####.......#.......
...o..#....##
#.......##......


You could see an orc and a rat.

Vanquished Creatures
  3 orcs (D:2)
  A ball python (D:1)
  3 endoplasms
  5 goblins
  A hobgoblin (D:2)
  5 jackals (D:1)
  2 quokkas (D:1)
  4 bats (D:1)
  A frilled lizard (D:1)
  2 kobolds (D:1)
27 creatures vanquished.

Notes
Turn   | Place    | Note
-------+----------+-------------------------------------------
     0 | D:1      | qw the Deep Elf Hunter began the quest for the Orb.
     0 | D:1      | Reached XP level 1. HP: 12/12 MP: 3/3
     0 | D:1      | 0 ||| qw: Version: 0.3-a-155-g5e7d8dd
     0 | D:1      | 0 ||| qw: Game counter: 2431
     0 | D:1      | 0 ||| qw: Melee chars always use a shield: true
     0 | D:1      | 0 ||| qw: God list: Okawaru
     0 | D:1      | 0 ||| qw: Allow faded altars: false
     0 | D:1      | 0 ||| qw: Do Orc after clearing Dungeon:15 true
     0 | D:1      | 0 ||| qw: Do second Lair branch before Depths: true
     0 | D:1      | 0 ||| qw: Lair rune preference: random
     0 | D:1      | 0 ||| qw: Goals: Normal
     0 | D:1      | 0 ||| PLANNING D:1-11
   340 | D:1      | Reached XP level 2. HP: 16/16 MP: 4/4
   358 | D:1      | Reached skill level 6 in Ranged Weapons
   968 | D:1      | 968 ||| READING scroll labelled XUC VUBRAS.
   969 | D:1      | 969 ||| READING scroll labelled JANUEWAECW.
   973 | D:1      | 973 ||| READING scroll labelled WAUHITWETEGO.
   973 | D:1      | 973 ||| IDENTIFYING golden potion
   974 | D:1      | 974 ||| DROPPING scroll of butterflies.
  1073 | D:2      | 1073 ||| RETREEEEATING.
  1075 | D:2      | Reached XP level 3. HP: 20/20 MP: 5/5
  1078 | D:2      | 1078 ||| DRINKING potion of curing.
  1078 | D:2      | 1078 ||| (to cure confusion)
  1088 | D:2      | 1088 ||| FLEEEEING.
  1090 | D:2      | 1090 ||| FLEEEEING.
  1091 | D:2      | 1091 ||| FLEEEEING.
  1092 | D:2      | 1092 ||| FLEEEEING.
  1093 | D:2      | 1093 ||| FLEEEEING.
  1094 | D:2      | 1094 ||| FLEEEEING.
  1095 | D:2      | 1095 ||| FLEEEEING.
  1095 | D:2      | HP: 4/20 [something/magic dart (5)]
  1096 | D:2      | 1096 ||| FLEEEEING.
  1096 | D:2      | Killed from afar by an orc wizard

Levels and vault maps discovered:
D:1:      nicolae_arrival_somewhat_less_tricky_arrival, layout_basic,
          minmay_close_crescents
D:2:      layout_basic, serial_shops, nicolae_shop_dealshenge,
          minmay_rat_gold_closets

Skill      XL: |  1  2 |
---------------+-------+-----
Ranged Weapons | 6 |  6.7
Fighting       | |  1.5
Dodging        | |  2.4
Stealth        | |  1.2

Action                     || total
---------------------------++-------
   Fire: Shortbow          ||    91
    Use: Scroll            ||     3
         Potion            ||     1
 Armour: Leather armour    ||    38
  Dodge: Dodged            ||    33

Table legend:
 A = Non-vault XP
 B = Vault XP
 C = Vault XP percentage of total XP
 D = Non-vault monster count
 E = Vault monster count
 F = Vault count percentage of total count
                 A         B        C        D         E       F
            +---------+---------+-------+---------+---------+-------
      Total |      50 |       0 |   0.0 |      27 |       0 |   0.0
            +---------+---------+-------+---------+---------+-------
        D:1 |      35 |       0 |   0.0 |      21 |       0 |   0.0
        D:2 |      15 |       0 |   0.0 |       6 |       0 |   0.0
            +---------+---------+-------+---------+---------+-------
